 Dungeon Crawl Stone Soup version 0.30.1-11-g7821555f0a (webtiles) character file.

Game seed: 16185655895427799523

1213 fireball365 the Cleaver (level 8, -7/70 HPs)
             Began as a Hill Orc Fighter on Nov 27, 2023.
             Mangled by an ogre
             ... wielding a +0 giant club
              (30 damage)
             ... on level 6 of the Dungeon.
             The game lasted 00:08:40 (5161 turns).

fireball365 the Cleaver (Hill Orc Fighter)          Turns: 5161, Time: 00:08:43

Health: -7/70      AC: 11    Str: 20    XL:     8   Next: 46%
Magic:  8/8        EV:  9    Int:  7    God:
Gold:   147        SH:  7    Dex: 26    Spells: 7/7 levels left

rFire   . . .        a - +0 war axe
rCold   . . .        c - +0 buckler
rNeg    . . .        u - +0 chain mail
rPois   .            (no helmet)
rElec   .            s - +0 cloak
rCorr   .            (no gloves)
SInv    .            (no boots)
Will    .....        (no amulet) Stlth
                     t - +6 ring of dexterity
HPRegen 0.31/turn    r - +6 ring of dexterity
MPRegen 0.11/turn

%: no passive effects
@: weakened
A: agile 1
a: no special abilities


You were on level 6 of the Dungeon.
You visited 1 branch of the dungeon, and saw 6 of its levels.

You collected 147 gold pieces.

Inventory:

Hand Weapons
 a - a +0 war axe (weapon)
Missiles
 n - a throwing net (quivered)
Armour
 b - a +0 scale mail
 c - a +0 buckler (worn)
 s - a +0 cloak (worn)
 u - a +0 chain mail (worn)
Jewellery
 r - a +6 ring of dexterity (right hand)
 t - a +6 ring of dexterity (left hand)
Wands
 q - a wand of flame (37)
Scrolls
 f - a scroll of teleportation
 g - a scroll of vulnerability {unknown}
 j - a scroll of enchant armour
 l - a scroll of noise
 o - 2 scrolls of identify
 v - a scroll of amnesia {unknown}
Potions
 d - 3 potions of might
 e - a potion of attraction {unknown}
 i - 3 potions of mutation
 k - a potion of resistance {unknown}
 m - 3 potions of heal wounds
 p - a potion of haste {unknown}


   Skills:
 + Level 5.9 Fighting
 + Level 9.0 Axes
 + Level 5.7 Armour
 + Level 1.5 Dodging
 + Level 0.1 Stealth
 + Level 5.2 Shields
 + Level 0.2 Evocations


You had 7 spell levels left.
You didn't know any spells.
Your spell library contained the following spells:

 Spells                   Type           Power      Damage    Failure   Level
 Freeze                   Ice            0%         1d3       98%         1
 Summon Small Mammal      Summ           0%         N/A       98%         1
 Lesser Beckoning         Tloc           0%         N/A       99%         2
 Call Canine Familiar     Summ           0%         N/A       100%        3
 Dazzling Flash           Conj/Hex       0%         N/A       100%        3
 Gell's Gravitas          Tloc           0%         N/A       100%        3
 Hailstorm                Conj/Ice       0%         3d3       100%        3
 Summon Guardian Golem    Hex/Summ       0%         N/A       100%        3
 Teleport Other           Tloc           0%         N/A       100%        3
 Volatile Blastmotes      Fire/Tloc      0%         2d10      100%        3
 Iskenderun's Mystic Bla  Conj/Tloc      0%         2d3       100%        4
 Summon Ice Beast         Ice/Summ       0%         N/A       100%        4
 Summon Mana Viper        Hex/Summ       0%         N/A       100%        5
 Starburst                Conj/Fire      0%         6d3       100%        6
 Monstrous Menagerie      Summ           0%         N/A       100%        7
 Ozocubu's Refrigeration  Ice            0%         4d7       100%        7


Dungeon Overview and Level Annotations

Branches:
Dungeon (6/15)
 Temple: D:4-7

Altars:
Elyvilon
Hepliaklqana
Okawaru
Yredelemnul

Annotations:
D:6 Menkaure


Innate Abilities, Weirdness & Mutations

You are agile. (Dex +4, Str/Int -1)


Message History

Menkaure calls on the powers of darkness!
The ogre convulses!
The black bear convulses!
The gnoll bouda convulses!
The gnoll convulses!
Your body is wracked with pain!
The gnoll bouda hits you but does no damage.
You hit the gnoll bouda.
The gnoll bouda is almost dead.
You hit the gnoll but do no damage. You slash the black bear!
You block the gnoll's attack. You block the black bear's attack.
The black bear claws you but does no damage. x2
The gnoll bouda gazes fiercely through you!
You feel your attacks grow feeble. You block the gnoll bouda's attack.
A jelly comes into view.
You hit the gnoll bouda.
You kill the gnoll bouda!
You hit the gnoll.
You kill the gnoll!
You hit the black bear but do no damage.
The black bear goes berserk!
Your Axes skill increases to level 9!
You slash the sleepcap!
The sleepcap is moderately damaged.
You barely miss the black bear. The black bear bites you.
The black bear claws you. The black bear barely misses you.
The sleepcap releases spores at you. The black bear barely misses you.
The black bear claws you but does no damage. x2
You hit the sleepcap but do no damage.
The sleepcap is moderately damaged.
You hit the black bear.
The black bear bites you but does no damage.
You block the black bear's attack. The black bear claws you.
The sleepcap barely misses you.
You slash the sleepcap!
The sleepcap is severely damaged.
You hit the black bear but do no damage.
You hit the ogre but do no damage. You block the black bear's attack.
The black bear claws you but does no damage.
The black bear barely misses you.
The ogre hits you with a +0 giant club!!
You die...

...... .... ....
### ... #.....#
#...#J#######
####.MhfO......
#...###@#......
##.....#........
#.....<.........
#................
#................
#................
#................
#................
#................


You could see a black bear (berserk), an ogre, a sleepcap, Menkaure (fast) and a
jelly.

Vanquished Creatures
  The ghost of BrewmasterC the Magician, a novice OpHW (D:5)
  2 ogres
  2 phantoms (D:4)
  A kobold brigand (D:5)
  A bullfrog (D:5)
  A scorpion (D:4)
  A gnoll bouda (D:6)
  2 hounds
  An iguana (D:5)
  15 gnolls
  9 adders
  An ufetubus (D:5)
  5 worms
  A dart slug (D:4)
  14 orcs
  5 endoplasms
  4 giant cockroaches
  6 goblins
  7 hobgoblins
  5 quokkas
  10 ball pythons
  4 bats
  6 frilled lizards
  16 kobolds
  3 rats
123 creatures vanquished.

Notes
Turn   | Place    | Note
-------+----------+-------------------------------------------
     0 | D:1      | fireball365 the Hill Orc Fighter began the quest for the
                  | Orb.
     0 | D:1      | Reached XP level 1. HP: 19/19 MP: 1/1
    48 | D:1      | Got the Thoughts on Congelation
   104 | D:1      | Reached XP level 2. HP: 24/27 MP: 2/2
   344 | D:1      | Reached skill level 3 in Axes
   615 | D:1      | Reached XP level 3. HP: 30/33 MP: 3/3
  1103 | D:2      | Reached skill level 4 in Axes
  1165 | D:2      | Found Yffet's Jewellery Emporium.
  1232 | D:2      | Reached XP level 4. HP: 28/41 MP: 4/4
  1330 | D:2      | Found a faded altar of an unknown god.
  2343 | D:3      | Reached XP level 5. HP: 29/47 MP: 5/5
  2825 | D:3      | Reached skill level 5 in Axes
  2891 | D:4      | Reached XP level 6. HP: 48/55 MP: 6/6
  2929 | D:4      | Found a white marble altar of Elyvilon.
  3122 | D:4      | Reached skill level 6 in Axes
  3266 | D:4      | Reached skill level 1 in Dodging
  3278 | D:4      | Reached skill level 5 in Fighting
  3350 | D:4      | Found a basalt altar of Yredelemnul.
  3532 | D:4      | Reached XP level 7. HP: 58/61 MP: 7/7
  3533 | D:4      | Gained mutation: You are agile. (Dex +4, Str/Int -1)
                  | [potion of mutation]
  3643 | D:4      | Reached skill level 7 in Axes
  3795 | D:5      | Entered Level 5 of the Dungeon
  3934 | D:5      | Reached skill level 5 in Armour
  4441 | D:5      | Found an iron altar of Okawaru.
  4574 | D:5      | Reached skill level 8 in Axes
  4574 | D:5      | Reached XP level 8. HP: 55/69 MP: 8/8
  4693 | D:5      | Found a runed translucent gate.
  4693 | D:5      | Found a runed translucent gate.
  4693 | D:5      | Found a runed translucent gate.
  4697 | D:5      | Noticed BrewmasterC's ghost (novice OpHW)
  4755 | D:5      | Found a hazy altar of Hepliaklqana.
  4842 | D:5      | Killed BrewmasterC's ghost
  4843 | D:5      | Reached skill level 5 in Shields
  5154 | D:6      | Noticed Menkaure
  5159 | D:6      | Reached skill level 9 in Axes
  5161 | D:6      | Mangled by an ogre

Illustrated notes

Levels and vault maps discovered:
D:1:      psy_arrival_fountain, layout_basic
D:2:      layout_basic, serial_shops, nicolae_shop_tiny_glass,
          dilly_ecumenical_altar_fadedgnrine
D:3:      layout_basic
D:4:      layout_basic, kennysheep_ying_yang
D:5:      layout_loops_cross, nicolae_hepliaklqana_hippocampus,
          okawaru_altar_gauntlet_db, gammafunk_ghost_nasty_kobolds
D:6:      layout_rooms, mainiacjoe_overflow_paths, mainiacjoe_overflow_catwalk,
          minmay_temple_entry_enclosed_plants, grunt_ministairs_12,
          uniq_menkaure, uniq_maggie

Skill      XL: |  1  2  3  4  5  6  7  8 |
---------------+-------------------------+-----
Axes           | 3 4 5 6 8 9 |  9.0
Fighting       | 4 5 |  5.9
Armour         | 4 5 |  5.7
Shields        | 4 5 |  5.2
Dodging        | 1 |  1.5
Stealth        | |  0.1
Evocations     | |  0.2

Action                     |  1- 3 |  4- 6 |  7- 9 || total
---------------------------+-------+-------+-------++-------
  Melee: War axe           |   104 |   126 |   129 ||   359
  Evoke: Wand              |       |       |     3 ||     3
    Use: Scroll            |     1 |       |     5 ||     6
         Potion            |       |       |     2 ||     2
 Armour: Scale mail        |    75 |    36 |       ||   111
         Chain mail        |       |    16 |    80 ||    96
  Dodge: Dodged            |    60 |    79 |    65 ||   204
  Block: Buckler           |    33 |    43 |    51 ||   127
